 Dungeon Crawl Stone Soup version 0.23.2-1-ga50397a (webtiles) character file.

Game seed: 15672077112518302782

466 Fang the Skirmisher (level 7, -1/66 HPs)
             Began as a Gargoyle Berserker on Apr 15, 2019.
             Was a Believer of Trog.
             Killed by divine providence
             ... invoked by an orc priest
              (12 damage)
             ... on level 5 of the Dungeon.
             The game lasted 00:07:16 (3909 turns).

Fang the Skirmisher (Gargoyle Berserker)            Turns: 3909, Time: 00:07:17

Health: -1/66      AC: 19    Str: 27      XL:     7   Next: 8%
Magic:  7/7        EV:  8    Int:  8      God:    Trog [**....]
Gold:   164        SH:  0    Dex:  7 (9)  Spells: 6/6 levels left

rFire    . . .     SeeInvis +   a - +0 hand axe
rCold    . . .     Gourm    .   (no shield)
rNeg     + . .     Faith    .   b - +0 plate armour
rPois    ∞         Spirit   .   (no helmet)
rElec    +         Reflect  .   (no cloak)
rCorr    .         Harm     .   (no gloves)
MR       ++...                  (no boots)
Stlth    ..........             (no amulet)
HPRegen  1.21/turn              p - ring of see invisible
MPRegen  0.10/turn              r - +3 ring of protection

@: berserking (expiring), regenerating, very quick
A: negative energy resistance 1, electricity resistance, unbreathing,
petrification resistance, rot immunity, AC +4
a: Berserk, Trog's Hand, Renounce Religion


You were on level 5 of the Dungeon.
You worshipped Trog.
Trog was pleased with you.
You were not hungry.

You visited 1 branch of the dungeon, and saw 5 of its levels.

You collected 164 gold pieces.

Inventory:

Hand Weapons
 a - a +0 hand axe (weapon)
Armour
 b - a +0 plate armour (worn)
Jewellery
 f - an uncursed ring of fire
 p - a ring of see invisible (left hand)
 r - a +3 ring of protection (right hand)
Wands
 k - a wand of disintegration (11)
Scrolls
 e - 5 scrolls of remove curse {unknown}
 g - 3 scrolls of identify {unknown}
 i - a scroll of amnesia {unknown}
 l - a scroll of immolation {unknown}
 m - a scroll of teleportation {unknown}
 o - 2 scrolls of fog {unknown}
 q - a scroll of enchant weapon {unknown}
Potions
 d - a potion of degeneration {unknown}
 h - 2 potions of curing {unknown}
 j - a potion of mutation {unknown}
 n - a potion of agility
Comestibles
 c - 4 rations


   Skills:
 + Level 5.0 Fighting
 + Level 4.2 Axes
 + Level 4.4 Armour
 + Level 3.2 Dodging


You had 6 spell levels left.
You didn't know any spells.
Your spell library was empty.

Dungeon Overview and Level Annotations

Branches:
Dungeon (5/15)
 Temple: D:4-7

Altars:
Sif Muna

Annotations:
D:5 Eustachio


Innate Abilities, Weirdness & Mutations

You are resistant to torment.
Your stone body is resilient. (AC +4)
You are immune to poison.
You resist negative energy. (rN+)
You are resistant to electric shocks. (rElec)
You can survive without breathing.
You are immune to petrification.
You are immune to rotting.


Message History

Eustachio gestures wildly while chanting.
Eustachio blinks!
The white imp sputters.
An orc priest comes into view.
You closely miss the white imp.
The white imp is almost dead.
You slash the bat!
You kill the bat!
The bat's corpse disappears in a puff of smoke!
Your plate armour prevents you from hitting the crimson imp.
The white imp spits at you. The white imp closely misses you.
The orc hits you but does no damage.
The crimson imp shouts, "Abandon hope, thou pecksniffian clapper-clawed wormtrail!"
The crimson imp hits you but does no damage.
You slash the white imp!
You kill the white imp!
You hit the crimson imp. You barely miss the white imp.
The orc priest calls down the wrath of Beogh upon you.
Beogh smites you!
You die...

### # ..........
....#. .........
.%.#.##.........
...........>..
#.#.#@.......
#............
###.<........
#....5§......
#.#.†@5oo....
#.#..#...o..# #
#..#.###.o.
#..#.. .o
......# .
...!#..#
#.#.##... #...
...


You could see Eustachio, 2 orc priests, a crimson imp, a white imp and 3 orcs.

Vanquished Creatures
  Sigmund (D:2)
  A jelly (D:2)
  An iguana (D:4)
  An orc wizard (D:4)
  2 worker ants
  4 gnolls (D:2)
  4 adders
  An adder skeleton (D:4)
  2 worms
  A dart slug (D:1)
  4 leopard geckos
  8 orcs
  7 bats
  10 giant cockroaches
  10 hobgoblins
  5 kobolds
  2 ball pythons
  6 frilled lizards
  8 goblins
  9 rats
87 creatures vanquished.

Vanquished Creatures (others)
  An orc wizard (D:4)
1 creature vanquished.

Grand Total: 88 creatures vanquished

Notes
Turn   | Place    | Note
-------+----------+-------------------------------------------
     0 | D:1      | Fang the Gargoyle Berserker began the quest for the Orb.
     0 | D:1      | Reached XP level 1. HP: 14/14 MP: 1/1
   127 | D:1      | Reached XP level 2. HP: 12/19 MP: 2/2
   572 | D:1      | Reached ** piety under Trog
   783 | D:2      | Reached XP level 3. HP: 23/23 MP: 3/3
   979 | D:2      | Reached XP level 4. HP: 28/29 MP: 4/4
  1172 | D:2      | Reached skill level 4 in Fighting
  1263 | D:2      | Reached XP level 5. HP: 19/33 MP: 5/5
  1393 | D:2      | Noticed Sigmund
  1412 | D:2      | Killed Sigmund
  1412 | D:2      | Reached XP level 6. HP: 39/39 MP: 6/6
  2411 | D:3      | Reached *** piety under Trog
  3032 | D:4      | Found a deep blue altar of Sif Muna.
  3464 | D:4      | Reached skill level 5 in Fighting
  3770 | D:4      | Reached XP level 7. HP: 37/44 MP: 7/7
  3813 | D:5      | Entered Level 5 of the Dungeon
  3813 | D:5      | Noticed Eustachio
  3909 | D:5      | Killed from afar by an orc priest

Skill      XL: |  1  2  3  4  5  6 |
---------------+-------------------+-----
Axes           | 3 4 |  4.2
Dodging        | 2 3 |  3.2
Armour         | 3 4 |  4.4
Fighting       | 4 5 |  5.0

Action                   |  1- 3 |  4- 6 |  7- 9 || total
-------------------------+-------+-------+-------++-------
Melee: Hand axe          |    85 |   234 |    84 ||   403
       Spear             |       |    66 |       ||    66
Invok: Berserk           |     1 |     1 |     2 ||     4
       Trog's Hand       |       |       |     2 ||     2
  Eat: Chunk             |       |     8 |       ||     8
       Ration            |       |     1 |     1 ||     2
Armor: Animal skin       |     7 |       |       ||     7
       Chain mail        |    45 |   121 |       ||   166
       Plate armour      |       |    40 |   210 ||   250
Dodge: Dodged            |    37 |   122 |   119 ||   278
